 Dungeon Sprint DCSS version 0.20-a0-633-gff4aa5c (webtiles) character file.

275940 esc the Unseen (level 12, 63/63 HPs)
             Began as a Spriggan Enchanter on Feb 6, 2017.
             Was a High Priest of Hepliaklqana.
             Escaped with the Orb!
             The game lasted 00:32:57 (3979 turns).

esc the Unseen (Spriggan Enchanter)                 Turns: 3979, Time: 00:32:57

Health: 63/63      AC: 11    Str:  4    XL:     12   Next: 58%
Magic:  11/31      EV: 33    Int: 17    God:    Hepliaklqana [*****.]
Gold:   549        SH:  0    Dex: 21    Spells: 30/42 levels left

rFire    + . .     SeeInvis +   m - +1 dagger (drain)
rCold    . . .     Gourm    .   u - +4 moon troll leather armour {Spirit, Regen++ MP+5, regen}
rNeg     . . .     Faith    .   (shield restricted)
rPois    +         Spirit   +   (helmet restricted)
rElec    .         Reflect  .   (no cloak)
rCorr    .         Harm     .   (gloves unavailable)
MR       ++...     Rnd*Rage +   (boots unavailable)
Stlth    +++....... NoTele   +  (no amulet)
Regen    1.0/turn               j - ring of fire {rF+, rC-}
                                v - +5 ring of protection

@: very slightly contaminated, hasted, very quick
A: unfitting armour, reduced essence, see invisible, berserk 1, cold resistance
1, deformed body, herbivore 3, speed 3, low mp 2, poison resistance, slow
metabolism 2, wild magic 1
0: Orb of Zot
a: Recall Ancestor, Ancestor Identity, Transference, Idealise, Renounce Religion


You escaped.
You worshipped Hepliaklqana.
Hepliaklqana was extremely pleased with you.
You were full.

You visited 1 branch You collected 1953 gold pieces.
You spent 1404 gold pieces at shops.

Inventory:

Hand Weapons
 a - a +1 dagger
 f - a +0 blowgun
   (You took it off Sonja in the Dungeon)
 m - a +1 dagger of draining (weapon)
   (You took it off Sonja in the Dungeon)
Missiles
 b - a throwing net {=f, !d}
 n - 6 curare-tipped needles
Armour
 u - the +4 moon troll leather armour (worn) {Spirit, Regen++ MP+5, regen}
   (You bought it in a shop in the Dungeon)

   It affects your magic capacity (+5).
   It increases your rate of regeneration.
Jewellery
 j - a ring of fire (right hand) {rF+, rC-}
   (You found it in the Dungeon)
 v - a +5 ring of protection (left hand)
   (You found it in the Dungeon)
Wands
 l - a wand of acid (2/15)
   (You found it in the Dungeon)
Scrolls
 k - a scroll of identify {unknown}
 s - a scroll of magic mapping {unknown}
Potions
 e - 3 potions of curing
 g - a potion of haste
 i - a potion of berserk rage {!q}
 p - a potion of lignification {unknown}
Books
 c - a book of Maledictions
Miscellaneous
 r - a lightning rod (4/4)
   (You found it in the Dungeon)
Comestibles
 d - a bread ration {@e1}


   Skills:
 + Level 11.4 Fighting
 - Level 12.8 Short Blades
 + Level 4.1 Armour
 + Level 18.3 Dodging
 + Level 19.8 Stealth
 + Level 15.8 Spellcasting
 + Level 15.9 Hexes
 + Level 5.0 Invocations


You had 30 spell levels left.
You knew the following spells:

 Your Spells              Type           Power        Failure   Level  Hunger
a - Ensorcelled Hibernat  Hex/Ice        ######       1%          2    None
b - Tukima's Dance        Hex            ######..     1%          3    None
c - Confuse               Hex            ######..     1%          3    None
d - Dazzling Spray        Conj/Hex       ######       1%          3    None
v - Corona                Hex            ######.      1%          1    None


Dungeon Overview and Level Annotations

Branches:
Dungeon (1/1)

Altars:
Cheibriados
Dithmenos
Elyvilon
Fedhas
Gozag
Hepliaklqana
Kikubaaqudgha
Makhleb
Nemelex Xobeh
Okawaru
Qazlal
Ru
Sif Muna
Trog
Uskayaw
Vehumet
Xom
Yredelemnul
Zin
The Shining One
Jiyva
Lugonu

Shops:
D (?(!*[(=**([*=[=*([[%

Annotations:
D Tiamat


Innate Abilities, Weirdness & Mutations

You are very small and have problems with some larger weapons.
You are too small for most types of armour.
You have supernaturally acute eyesight. (SInv)
You are a herbivore.
You cover ground extremely quickly.
You need consume almost no food.
Your life essence is reduced. (-10% HP)
You tend to lose your temper in combat.
Your flesh is cold resistant. (rC+)
Armour fits poorly on your strangely shaped body.
Your magical capacity is very low. (-20% MP)
Your system is resistant to poisons. (rPois)
Your spells are a little harder to cast, but a little more powerful.


Message History

Okay, then.
You now have 443 gold pieces (gained 27).
You now have 470 gold pieces (gained 27).
You now have 497 gold pieces (gained 27).
You now have 524 gold pieces (gained 27).
j - a warped robe Wear which item (? for menu, Esc to quit)
You start removing your armour.
You continue taking off the +4 moon troll leather armour {Spirit, Regen++ MP+5, regen}. x4
You finish taking off the +4 moon troll leather armour {Spirit, Regen++ MP+5, regen}.
You feel strangely alone.
You start putting on your armour.
You continue putting on your warped robe.
You feel yourself speed up.
You continue putting on your warped robe. x4
You finish putting on the cursed +1 robe of Too Many Cooks {MR- Str+3 Int+8}.
Oops, that feels deathly cold.
Okay, then.
As you read the scroll labeled CIASSE ESIETI, it crumbles to dust.
It is a scroll of enchant armour.
You aren't carrying any armour which can be enchanted further.
As you read the scroll labeled KOCUPRUOCA, it crumbles to dust.
It is a scroll of amnesia.
Forget which spell ([?*] list [ESC] exit)?
Forget which spell ([?*] list [ESC] exit)?
You don't know that spell.
Forget which spell ([?*] list [ESC] exit)?
Okay, then.
As you read the scroll labeled MAN XOTHRAKKYSH, it crumbles to dust.
You feel as if something is helping you.
It was a scroll of remove curse.
Wear which item (? for menu, Esc to quit)
You start removing your armour.
You continue taking off the +1 robe of Too Many Cooks {MR- Str+3 Int+8}. x2
You feel less exhausted.
You continue taking off the +1 robe of Too Many Cooks {MR- Str+3 Int+8}. x2
You finish taking off the +1 robe of Too Many Cooks {MR- Str+3 Int+8}.
You start putting on your armour.
You continue putting on the +4 moon troll leather armour {Spirit, Regen++ MP+5, regen}. x5
You finish putting on the +4 moon troll leather armour {Spirit, Regen++ MP+5, regen}.
You feel your power drawn to a protective spirit.
You now have 0/31 mp.
Drop what? 18/52 slots (_ for help) (? for menu, Esc to quit)
You drop the +1 robe of Too Many Cooks {MR- Str+3 Int+8}.
You now have 537 gold pieces (gained 13).
j - an onyx ring Put on which piece of jewellery? (? for menu, Esc to quit)
That's the wrong kind of item! (Use * to select it.) Put on which piece of jewellery? (? for menu, Esc to quit)
You feel more attuned to fire.
j - a ring of fire (right hand)
You see here 23 sling bullets.
k - a scroll labeled CILUEX EBRYSO You now have 549 gold pieces (gained 12).
Things that are here:
a great sword of flaming; a fire giant skeleton You swap places.
Things that are here:
a great sword of flaming; a fire giant skeleton Really read
h - 2 scrolls of blinking {!r}?
Blink to where?
You are very lightly contaminated with residual magic.
As you read the scroll of blinking {!r}, it crumbles to dust.
You pick up the Orb of Zot!
The Orb lets out a hideous shriek!
The lords of Pandemonium are not amused.
Beware!
Now all you have to do is get back out of the dungeon!
You hear a roar!
Really read
h - a scroll of blinking {!r}?
Your blink will be uncontrolled - continue anyway?
The Orb prevents control of your translocation!
You blink.
As you read the scroll of blinking {!r}, it crumbles to dust.
You feel yourself speed up.
Things that are here:
a great sword of flaming; a fire giant skeleton
There is an open door here.
You see here a great sword of flaming.
There is an open door, spattered with blood here.
Things that are here:
a great sword of flaming; a fire giant skeleton
There is an open door, spattered with blood here.
There is an open door here.
There is an open door here.
A sun demon comes into view.
There is an open door, spattered with blood here.
Things that are here:
a dagger; a robe
There is an open door here.
There is a viscous altar of Jiyva here.
The sun demon barely misses you.
There is an open door, spattered with blood here.
There is an open door here.
Things that are here:
a scythe; a robe
There is an open door here.
You close the door.
There is an open door, spattered with blood here.
There is an open door, spattered with blood here.
There is a staircase leading out of the dungeon here.
You have escaped!

##################
#@.#..'..#.)'3.#__
#..'..#.)+..#..'..
#..#####'#####'#__
#..####..#...#.###
#..#__####..##)#§≈
#..#_____##'#..§≈≈
#⌠⌠#_.∩...'..._#≈§
####_..__##_.#'##§
#_____###)#.#.)


There were no monsters in sight!

Vanquished Creatures
  4 fire giants (D)
  A lorocyproca (D)
  A hydra (D)
  2 centaur warriors (D)
  Sonja (D)
  7 unseen horrors (D)
  A deep troll (D)
  A lindwurm (D)
  7 shining eyes (D)
  An oklob plant (D)
  A gargoyle (D)
  2 kobold demonologists (D)
  4 demonic crawlers (D)
  A hornet (D)
  A slime creature (D)
  Sigmund (D)
  2 redbacks (D)
  12 hogs (D)
  A yak (D)
  4 floating eyes (D)
  An ogre (D)
  7 necrophages (D)
  8 jellies (D)
  Ijyb (D)
  2 ballistomycetes (D)
  A ballistomycete spore (D)
75 creatures vanquished.

Vanquished Creatures (collateral kills)
  A shining eye (D)
  A hog (D)
  3 floating eyes (D)
  A ballistomycete (D)
6 creatures vanquished.

Vanquished Creatures (others)
  A daeva (D)
  A gargoyle (D)
  3 knights (D)
  4 ancestors (D)
  A ballistomycete spore (D)
10 creatures vanquished.

Grand Total: 91 creatures vanquished

Notes
Turn   | Place    | Note
-------+----------+-------------------------------------------
     0 | D        | esc the Spriggan Enchanter began the quest for the Orb.
     0 | D        | Reached XP level 1. HP: 9/9 MP: 5/5
     0 | D        | Upgraded the game from 0.20-a0-556-g892c87b to 0.20-a0-633-gff4aa5c
     1 | D        | Noticed Ijyb
    12 | D        | Killed Ijyb
    12 | D        | Reached skill level 2 in Short Blades
    12 | D        | Reached skill level 4 in Dodging
    12 | D        | Reached skill level 5 in Stealth
    12 | D        | Reached skill level 4 in Spellcasting
    12 | D        | Reached skill level 4 in Hexes
    12 | D        | Reached XP level 2. HP: 9/13 MP: 5/8
   175 | D        | Learned a level 2 spell: Ensorcelled Hibernation
   175 | D        | Noticed an ogre
   178 | D        | Killed an ogre
   178 | D        | Reached skill level 2 in Fighting
   178 | D        | Reached skill level 4 in Short Blades
   178 | D        | Reached skill level 6 in Dodging
   178 | D        | Reached skill level 7 in Stealth
   178 | D        | Reached skill level 5 in Spellcasting
   178 | D        | Reached skill level 5 in Hexes
   178 | D        | Reached XP level 3. HP: 18/18 MP: 8/10
   178 | D        | Reached XP level 4. HP: 23/23 MP: 9/12
   208 | D        | Learned a level 3 spell: Confuse
   212 | D        | Learned a level 3 spell: Tukima's Dance
   216 | D        | Learned a level 3 spell: Dazzling Spray
   216 | D        | Noticed Sigmund
   219 | D        | Killed Sigmund
   219 | D        | Reached skill level 3 in Fighting
   219 | D        | Reached skill level 5 in Short Blades
   219 | D        | Reached skill level 7 in Dodging
   219 | D        | Reached skill level 9 in Stealth
   219 | D        | Reached skill level 6 in Spellcasting
   219 | D        | Reached skill level 7 in Hexes
   219 | D        | Reached XP level 5. HP: 28/28 MP: 13/15
   244 | D        | Found a deep blue altar of Sif Muna.
   246 | D        | Found a radiant altar of Vehumet.
   250 | D        | Reached skill level 8 in Dodging
   250 | D        | Reached XP level 6. HP: 32/32 MP: 11/16
   305 | D        | Found Yrurat's Distillery.
   305 | D        | Found an ancient bone altar of Kikubaaqudgha.
   305 | D        | Found a hazy altar of Hepliaklqana.
   305 | D        | Found a stormy altar of Qazlal.
   305 | D        | Found a hide-covered altar of Uskayaw.
   305 | D        | Found a blossoming altar of Fedhas.
   305 | D        | Found a bloodstained altar of Trog.
   305 | D        | Found an iron altar of Okawaru.
   305 | D        | Found a basalt altar of Yredelemnul.
   305 | D        | Found a glowing golden altar of the Shining One.
   305 | D        | Found a snail-covered altar of Cheibriados.
   305 | D        | Found a sacrificial altar of Ru.
   305 | D        | Found a glowing silver altar of Zin.
   305 | D        | Found a shadowy altar of Dithmenos.
   305 | D        | Found a white marble altar of Elyvilon.
   305 | D        | Noticed a yak
   306 | D        | Found an opulent altar of Gozag.
   307 | D        | Killed a yak
   307 | D        | Reached skill level 4 in Fighting
   307 | D        | Reached skill level 6 in Short Blades
   307 | D        | Reached skill level 9 in Dodging
   307 | D        | Reached skill level 10 in Stealth
   307 | D        | Reached skill level 7 in Spellcasting
   308 | D        | Found a sparkling altar of Nemelex Xobeh.
   314 | D        | Became a worshipper of Hepliaklqana the Forgotten
   328 | D        | Found a burning altar of Makhleb.
   328 | D        | Found a viscous altar of Jiyva.
   328 | D        | Found a shimmering altar of Xom.
   328 | D        | Found a corrupted altar of Lugonu.
   328 | D        | Noticed a slime creature
   331 | D        | Killed a slime creature
   331 | D        | Reached skill level 7 in Short Blades
   331 | D        | Reached skill level 8 in Spellcasting
   331 | D        | Reached skill level 8 in Hexes
   331 | D        | Reached XP level 7. HP: 34/34 MP: 17/19
   355 | D        | Noticed a kobold demonologist
   356 | D        | Noticed a rust devil
   356 | D        | Noticed a kobold demonologist
   358 | D        | Reached skill level 5 in Fighting
   358 | D        | Reached skill level 10 in Dodging
   358 | D        | Reached skill level 11 in Stealth
   367 | D        | Noticed a sixfirhy
   389 | D        | HP: 1/35 [sixfirhy[a kobold demonologist] (12)]
   424 | D        | Killed a gargoyle
   521 | D        | Noticed a centaur warrior
   534 | D        | Killed a kobold demonologist
   534 | D        | Reached skill level 9 in Spellcasting
   534 | D        | Reached skill level 9 in Hexes
   535 | D        | Noticed a demonic crawler
   535 | D        | Noticed a demonic crawler
   535 | D        | Noticed a demonic crawler
   535 | D        | Noticed a demonic crawler
   583 | D        | Noticed Sonja
   596 | D        | Killed a kobold demonologist
   596 | D        | Reached skill level 8 in Short Blades
   596 | D        | Reached skill level 11 in Dodging
   596 | D        | Reached skill level 12 in Stealth
   596 | D        | Reached XP level 8. HP: 18/39 MP: 2/22
   598 | D        | Reached * piety under Hepliaklqana
   599 | D        | Killed Sonja
   599 | D        | Reached skill level 6 in Fighting
   599 | D        | Reached skill level 10 in Spellcasting
   599 | D        | Reached skill level 10 in Hexes
   600 | D        | Noticed a deep troll
   789 | D        | Killed a deep troll
   789 | D        | Reached skill level 9 in Short Blades
   789 | D        | Reached skill level 12 in Dodging
   789 | D        | Reached skill level 13 in Stealth
   789 | D        | Reached XP level 9. HP: 24/44 MP: 14/24
  1000 | D        | Found Zutug's Armour Emporium.
  1053 | D        | Noticed a centaur warrior
  1068 | D        | Killed a centaur warrior
  1068 | D        | Reached skill level 7 in Fighting
  1068 | D        | Reached skill level 14 in Stealth
  1068 | D        | Reached skill level 11 in Spellcasting
  1068 | D        | Reached skill level 11 in Hexes
  1072 | D        | Killed a centaur warrior
  1072 | D        | Reached skill level 10 in Short Blades
  1072 | D        | Reached skill level 13 in Dodging
  1085 | D        | Noticed an oklob plant
  1148 | D        | Killed an oklob plant
  1148 | D        | Reached skill level 15 in Stealth
  1148 | D        | Reached skill level 12 in Hexes
  1148 | D        | Reached XP level 10. HP: 50/50 MP: 22/26
  1167 | D        | Reached skill level 8 in Fighting
  1169 | D        | Reached ** piety under Hepliaklqana
  1170 | D        | Reached skill level 12 in Spellcasting
  1171 | D        | Remembered your ancestor Anne Cestor as a knight
  1181 | D        | Noticed an unseen horror
  1181 | D        | Noticed an unseen horror
  1186 | D        | Killed an unseen horror
  1186 | D        | Reached skill level 11 in Short Blades
  1186 | D        | Reached skill level 14 in Dodging
  1188 | D        | Killed an unseen horror
  1358 | D        | Reached skill level 16 in Stealth
  1361 | D        | Found Uritz's Antique Weapon Boutique.
  1361 | D        | Found Sitsuv's Antique Armour Emporium.
  1362 | D        | Found Piamnol's Food Emporium.
  1389 | D        | Found Xoqous's Jewellery Shoppe.
  1389 | D        | Found Vogoez's Antique Weapon Shop.
  1389 | D        | Found Hytot's Assorted Antiques.
  1391 | D        | Found Duddevve's Assorted Antiques.
  1391 | D        | Found Zuxzuntaoh's Weapon Shop.
  1391 | D        | Found Kasizyutt's Armour Shoppe.
  1391 | D        | Found Haduirid's Assorted Antiques.
  1391 | D        | Found Kewarghat's Jewellery Emporium.
  1391 | D        | Reached *** piety under Hepliaklqana
  1391 | D        | Found Vaux Yti's Armour Shop.
  1391 | D        | Found Miuzeps's Jewellery Shoppe.
  1395 | D        | Found Kuoph's Assorted Antiques.
  1451 | D        | Found Oran's Weapon Boutique.
  1527 | D        | Noticed a shining eye
  1527 | D        | Noticed a shining eye
  1527 | D        | Noticed a shining eye
  1528 | D        | Noticed a shining eye
  1528 | D        | Noticed a shining eye
  1528 | D        | Noticed a shining eye
  1529 | D        | Noticed a shining eye
  1529 | D        | Noticed a shining eye
  1530 | D        | Killed a shining eye
  1530 | D        | Reached skill level 13 in Hexes
  1531 | D        | Reached **** piety under Hepliaklqana
  1532 | D        | Reached skill level 15 in Dodging
  1533 | D        | Paralysed by a floating eye for 2 turns
  1535 | D        | Gained mutation: Your magical capacity is low. (-10% MP) [a shining eye]
  1536 | D        | Killed a shining eye
  1536 | D        | Reached skill level 9 in Fighting
  1536 | D        | Reached skill level 13 in Spellcasting
  1538 | D        | Gained mutation: Your magical capacity is very low. (-20% MP) [a shining eye]
  1540 | D        | Paralysed by a floating eye for 2 turns
  1544 | D        | Paralysed by a floating eye for 2 turns
  1546 | D        | Gained mutation: You are weak. (Str -2) [a shining eye]
  1550 | D        | Gained mutation: Your body sometimes deteriorates upon taking damage. [a shining eye]
  1552 | D        | Paralysed by a floating eye for 3 turns
  1558 | D        | Killed a shining eye
  1560 | D        | Paralysed by a floating eye for 4 turns
  1562 | D        | Reached XP level 11. HP: 55/55 MP: 4/23
  1567 | D        | Gained mutation: You are frail. (-10% HP) [a shining eye]
  1571 | D        | Killed a shining eye
  1571 | D        | Reached skill level 12 in Short Blades
  1575 | D        | Gained mutation: Armour fits poorly on your strangely shaped body. [a shining eye]
  1580 | D        | Gained mutation: You occasionally shout uncontrollably at your foes. [a shining eye]
  1582 | D        | Killed a shining eye
  1595 | D        | Killed a shining eye
  1595 | D        | Reached skill level 17 in Stealth
  1604 | D        | Gained mutation: You tend to lose your temper in combat. [a shining eye]
  1607 | D        | Killed a shining eye
  1613 | D        | Gained mutation: Your magical capacity is extremely low. (-30% MP) [a shining eye]
  1618 | D        | Killed a shining eye
  1627 | D        | Found Feusaol's Assorted Antiques.
  1627 | D        | Found Heapsikh's Magic Scroll Shoppe.
  1627 | D        | Found Piasir's Armour Boutique.
  1627 | D        | Found Nuico's Weapon Emporium.
  1669 | D        | Bought a potion of mutation for 96 gold pieces
  1669 | D        | Lost mutation: You are weak. (Str -2) [potion of mutation]
  1669 | D        | Lost mutation: You occasionally shout uncontrollably at your foes. [potion of mutation]
  1669 | D        | Lost mutation: Your body sometimes deteriorates upon taking damage. [potion of mutation]
  1669 | D        | Lost mutation: Your magical capacity is extremely low. (-30% MP) [potion of mutation]
  1669 | D        | Lost mutation: You are frail. (-10% HP) [potion of mutation]
  1669 | D        | Gained mutation: Your system is resistant to poisons. (rPois) [potion of mutation]
  1669 | D        | Gained mutation: Your flesh is cold resistant. (rC+) [potion of mutation]
  1669 | D        | Gained mutation: Your spells are a little harder to cast, but a little more powerful. [potion of mutation]
  1770 | D        | HP: 4/56 [demonic crawler (11)]
  2238 | D        | Reached skill level 16 in Dodging
  2339 | D        | Reached skill level 14 in Hexes
  2509 | D        | Noticed a lindwurm
  2512 | D        | Killed a lindwurm
  2512 | D        | Reached skill level 14 in Spellcasting
  2535 | D        | Reached skill level 10 in Fighting
  2560 | D        | Reached skill level 18 in Stealth
  2633 | D        | Noticed a 12-headed hydra
  2635 | D        | Killed a 12-headed hydra
  2637 | D        | Paralysed by a floating eye for 2 turns
  2640 | D        | Reached skill level 17 in Dodging
  2757 | D        | Bought the +4 moon troll leather armour {Spirit, Regen++ MP+5} for 1308 gold pieces
  3028 | D        | Reached ***** piety under Hepliaklqana
  3028 | D        | Noticed a lorocyproca
  3033 | D        | Killed a lorocyproca
  3033 | D        | Reached skill level 1 in Armour
  3033 | D        | Reached skill level 15 in Hexes
  3169 | D        | Noticed a daeva
  3313 | D        | Noticed an unseen horror
  3313 | D        | Noticed an unseen horror
  3313 | D        | Noticed an unseen horror
  3313 | D        | Noticed an unseen horror
  3315 | D        | Killed an unseen horror
  3315 | D        | Reached skill level 15 in Spellcasting
  3315 | D        | Reached skill level 1 in Invocations
  3315 | D        | Reached XP level 12. HP: 62/62 MP: 25/25
  3317 | D        | Reached skill level 2 in Armour
  3319 | D        | Reached skill level 19 in Stealth
  3319 | D        | Reached skill level 2 in Invocations
  3433 | D        | Noticed a fire giant
  3436 | D        | Noticed a fire giant
  3437 | D        | Noticed a fire giant
  3446 | D        | Killed a fire giant
  3446 | D        | Reached skill level 11 in Fighting
  3446 | D        | Reached skill level 3 in Armour
  3446 | D        | Reached skill level 3 in Invocations
  3457 | D        | HP: 7/63 [fire giant/fireball (56)]
  3645 | D        | Killed a fire giant
  3645 | D        | Reached skill level 18 in Dodging
  3767 | D        | Killed a fire giant
  3767 | D        | Reached skill level 4 in Invocations
  3800 | D        | Killed a daeva
  3802 | D        | Noticed a fire giant
  3829 | D        | Killed a fire giant
  3829 | D        | Reached skill level 4 in Armour
  3829 | D        | Reached skill level 5 in Invocations
  3842 | D        | Noticed Tiamat
  3854 | D        | Got a warped robe
  3865 | D        | Identified the cursed +1 robe of Too Many Cooks {MR- Str+3 Int+8} (You found it in the Dungeon)
  3913 | D        | Got the Orb of Zot
  3979 | D        | Escaped with the Orb!

Vault maps used:
D:        dungeon_sprint_1

Skill      XL: |  1  2  3  4  5  6  7  8  9 10 11 12 |
---------------+-------------------------------------+-----
Short Blades   | 2 4 5 7 8 9 10 11 12 | 12.8
Dodging        | 4 6 7 8 9 11 12 13 15 17 18 | 18.3
Stealth        | 5 7 9 10 12 13 15 16 18 19 | 19.8
Spellcasting   | 4 5 6 8 9 10 11 13 15 | 15.8
Hexes          | 4 5 7 8 9 10 12 13 15 | 15.9
Fighting       | 2 3 4 5 6 7 9 10 11 | 11.4
Armour         | 1 4 |  4.1
Invocations    | 1 5 |  5.0

Action                   |  1- 3 |  4- 6 |  7- 9 | 10-12 || total
-------------------------+-------+-------+-------+-------++-------
Melee: Dagger            |     9 |     4 |    41 |   186 ||   240
 Cast: Corona            |     1 |       |       |       ||     1
       Ensorcelled Hiber |       |     2 |    28 |    28 ||    58
       Dazzling Spray    |       |       |     7 |    25 ||    32
       Confuse           |       |       |     2 |    29 ||    31
Invok: Ancestor Identity |       |     1 |       |       ||     1
       Ancestor Life: Kn |       |       |       |     1 ||     1
       Recall Ancestor   |       |       |       |     3 ||     3
       Transference      |       |       |       |     1 ||     1
Evoke: Wand              |       |       |       |     2 ||     2
  Use: Potion            |     1 |       |     1 |     6 ||     8
       Scroll            |       |       |       |     6 ||     6
 Stab: Sleeping          |     1 |     4 |     8 |    29 ||    42
       Confused          |       |       |     4 |    13 ||    17
       Invisible         |       |       |       |     6 ||     6
       Distracted        |       |       |       |     1 ||     1
  Eat: Bread ration      |       |       |       |     1 ||     1
Armor: Robe              |     2 |       |       |     1 ||     3
Dodge: Dodged            |     1 |       |    13 |   121 ||   135

Vault maps used:
D:        dungeon_sprint_1

Table legend:
 A = Turns spent in this place as a percentage of turns spent in the entire game.
 B = Non-inter-level travel turns spent in this place as a percentage of non-inter-level travel turns spent in the entire game.
 C = Inter-level travel turns spent in this place as a percentage of turns spent in this place.
 D = Turns resting spent in this place as a percentage of non-inter-level travel turns spent in this place.
 E = Turns spent auto-exploring this place as a percentage of non-inter-level travel turns spent in this place.
 F = Non-inter-level travel turns spent in this place divided by the number of levels of this place that you've seen.
                   A       B       C       D       E      F
               +-------+-------+-------+-------+-------+----------------------
         Total | 100.0 | 100.0 |   0.2 |   4.6 |   0.1 | 1994.0
       Dungeon | 100.0 | 100.0 |   0.2 |   4.6 |   0.1 | 1994.0
               +-------+-------+-------+-------+-------+----------------------

Table legend:
 A = Kills in this place as a percentage of kills in entire the game.
 B = Kills by you in this place as a percentage of kills by you in the entire game.
 C = Kills by friends in this place as a percentage of kills by friends in the entire game.
 D = Other kills in this place as a percentage of other kills in the entire game.
 E = Experience gained in this place as a percentage of experience gained in the entire game.
 F = Experience gained in this place divided by the number of levels of this place that you have seen.
                   A       B       C       D       E      F
               +-------+-------+-------+-------+-------+----------------------
         Total | 100.0 | 100.0 | 100.0 | 100.0 | 100.0 | 31343.0
       Dungeon | 100.0 | 100.0 | 100.0 | 100.0 | 100.0 | 31343.0
               +-------+-------+-------+-------+-------+----------------------
